Map: [ESL] Babylon

Players

A.I. 1 (Very Easy) - Winner!

  • Race: Terran Terran
  • Spawn Location: 11:00

SKillous

  • Race: Protoss Protoss
  • League: Grandmaster
  • Spawn Location: 5:00

VOD

Have the link to the VOD?

Description

Time

  • Played on: June 28, 2023, 3:43 p.m.
  • Length: 6:13
Show
View Real Time Build Order
Export as new Build Order

A.I. 1 (Very Easy) Terran - Winner!

Build Orders:  

Get SALT Encoding   

  12  0:00  SCV  
  13  0:13  SCV  
  14  0:18  Supply Depot  
  14  0:37  Refinery  
  14  0:41  Barracks  
  14  1:04  Supply Depot  
  14  1:12  Refinery  
  14  1:29  Barracks Tech Lab  
  14  1:30  Orbital Command  
  14  1:47  Marauder  
  16  1:56  SCV  
  18  2:08  SCV  
  18  2:20  SCV  
  19  2:32  SCV  
  19  2:33  Marine  
  21  2:44  SCV  
  22  2:57  SCV  
  23  3:20  Marine  
  24  4:11  Marine  
  24  4:14  Supply Depot  
  25  4:41  Marauder  
  27  5:09  Marine  
Show
View Real Time Build Order
Export as new Build Order

SKillous Protoss 

Build Orders: 1 Gate Expand, Phoenix Opening, Colossus Rush 

Get SALT Encoding   

  12  0:00  Probe  
  13  0:12  Probe  
  14  0:17  Pylon  
  14  0:24  Probe  
  15  0:35  Gateway  
  15  0:36  Probe (Chrono Boost)  
  16  0:46  Assimilator, Probe (Chrono Boost)  
  17  0:51  Probe (Chrono Boost)  
  18  1:03  Probe  
  19  1:15  Probe  
  20  1:22  Cybernetics Core  
  20  1:33  Nexus  
  20  1:41  Pylon  
  20  1:44  Probe  
  21  1:49  Assimilator  
  21  1:56  Probe (Chrono Boost)  
  21  1:58  Adept (Chrono Boost)  
  25  2:08  Probe (Chrono Boost)  
  25  2:17  Probe (Chrono Boost)  
  25  2:22  Adept  
  28  2:23  Stargate  
  28  2:25  Probe  
  29  2:34  Warp Gate  
  29  2:40  Probe (Chrono Boost)  
  30  2:45  Probe (Chrono Boost)  
  32  2:51  Adept  
  32  2:54  Probe (Chrono Boost)  
  32  2:55  Probe (Chrono Boost)  
  35  2:59  Probe (Chrono Boost)  
  35  3:02  Probe  
  37  3:06  Phoenix (Chrono Boost)  
  37  3:09  Pylon  
  37  3:11  Probe  
  40  3:14  Probe  
  41  3:23  Gateway  
  41  3:24  Probe  
  41  3:25  Phoenix (Chrono Boost)  
  41  3:26  Probe  
  45  3:36  Probe  
  45  3:37  Assimilator  
  45  3:38  Probe  
  45  3:40  Robotics Facility  
  47  3:48  Probe (Chrono Boost), Phoenix  
  48  3:53  Assimilator  
  51  3:56  Pylon  
  51  3:57  Probe (Chrono Boost)  
  51  4:00  Probe (Chrono Boost)  
  52  4:05  Probe (Chrono Boost)  
  52  4:06  Probe (Chrono Boost), Pylon  
  54  4:14  Phoenix  
  54  4:15  Probe  
  57  4:18  Probe  
  58  4:27  Observer (Chrono Boost), Probe  
  58  4:31  Robotics Bay  
  60  4:40  Immortal (Chrono Boost)  
  64  4:48  Phoenix  
  64  4:50  Nexus  
  66  4:54  Pylon  
  66  5:04  Probe x2  
  66  5:06  Pylon  
  45  5:14  Colossus (Chrono Boost), Phoenix  
  68  5:16  Probe  
  68  5:17  Probe  
  78  5:28  Probe  
  79  5:29  Probe  
  80  5:36  Shield Battery, Pylon  
  80  5:40  Probe  
  80  5:41  Probe, Phoenix  
  84  5:53  Probe (Chrono Boost)  
  84  5:55  Probe (Chrono Boost)  
  86  6:02  Probe (Chrono Boost)  
Tags
 
Add a new tag
Caveats
  • Supply blocks, unpowered buildings, or Contaminate may cause inaccurate times.
  • Supply counts are checked every 10 seconds.